 Dungeon Crawl Stone Soup version 0.26.1-11-gd32895ea62 (webtiles) character file.

Game seed: 1307292796135873460

1473 dtburroughs the Chopper (level 8, 0/73 HPs)
             Began as a Minotaur Berserker on May 17, 2021.
             Was an Elder of Trog.
             Slain by Duvessa
             ... wielding a +0 rapier
              (12 damage)
             ... on level 6 of the Dungeon.
             The game lasted 00:10:14 (4745 turns).

dtburroughs the Chopper (Minotaur Berserker)        Turns: 4745, Time: 00:10:15

Health: 0/73       AC:  0    Str: 21    XL:     8   Next: 49%
Magic:  7/7        EV: 17    Int:  6    God:    Trog [****..]
Gold:   355        SH:  0    Dex: 11    Spells: 7/7 levels left

rFire    . . .     SeeInvis .   (weapon currently unavailable)
rCold    . . .     Faith    .   (shield currently unavailable)
rNeg     . . .     Spirit   .   (armour currently unavailable)
rPois    .         Reflect  .   (helmet currently unavailable)
rElec    .         Harm     .   (cloak currently unavailable)
rCorr    .         Rampage  .   (gloves currently unavailable)
Will     ++...                  (boots currently unavailable)
Stlth    +.........             (no amulet)
HPRegen  1.22/turn              (ring currently unavailable)
MPRegen  0.10/turn              (ring currently unavailable)

@: pig-form (expiring), regenerating (expiring), very quick
A: small, (retaliatory headbutt)
a: Renounce Religion, Berserk, Trog's Hand, Brothers in Arms


You were on level 6 of the Dungeon.
You worshipped Trog.
Trog was greatly pleased with you.
You were a filthy swine.
You visited 1 branch of the dungeon, and saw 6 of its levels.

You collected 355 gold pieces.

Inventory:

Hand Weapons
 m - a +0 war axe
 r - a +2 vorpal war axe (melded)
 u - a +4 flail of protection
 y - a cursed +1 hand axe of freezing
Armour
 c - a +2 chain mail of cold resistance (melded)
 f - a +0 pair of gloves (melded)
Scrolls
 a - a scroll of blinking {unknown}
 d - 3 scrolls of identify
 e - 5 scrolls of fog
 g - 2 scrolls of amnesia {unknown}
 j - a scroll of random uselessness {unknown}
 l - 3 scrolls of remove curse
 n - 2 scrolls of teleportation {unknown}
 o - 2 scrolls of magic mapping {unknown}
 p - 2 scrolls of enchant armour {unknown}
 q - a scroll of fear {unknown}
 s - 2 scrolls of enchant weapon {unknown}
 w - a scroll of immolation {unknown}
Potions
 b - 2 potions of mutation {unknown}
 h - a potion of brilliance {unknown}
 i - 2 potions of might
 k - 2 potions of curing
 t - a potion of berserk rage {unknown}
 v - a potion of flight {unknown}
 x - a potion of heal wounds {unknown}
 z - a potion of cancellation {unknown}


   Skills:
 + Level 7.3 Fighting
 + Level 7.3 Axes
 + Level 6.7 Armour
 + Level 6.1 Dodging


You had 7 spell levels left.
You didn't know any spells.
Your spell library was empty.

Dungeon Overview and Level Annotations

Branches:
Dungeon (6/15)             Temple (0/1) D:5

Altars:
Fedhas
Hepliaklqana
Ru
Vehumet
Xom

Shops:
D:4 :

Annotations:
D:3 3 runed translucent doors, Zeld's ghost, amateur OpBr
D:6 Dowan; Duvessa


Innate Abilities, Weirdness & Mutations

((You reflexively headbutt those who attack you in melee.))
((You have a pair of horns on your head.))


Message History

The worker ant completely misses you. Duvessa completely misses you.
You fail to use your ability.
You feel sick. The worker ant closely misses you.
Duvessa hits you with a +0 rapier!
* * * LOW HITPOINT WARNING * * *
The worker ant bites you.
* * * LOW HITPOINT WARNING * * *
You are more poisoned.
The worker ant poisons you!
You hit Duvessa but do no damage.
Duvessa is severely wounded.
You feel sick. Duvessa hits you with a +0 rapier!
* * * LOW HITPOINT WARNING * * *
The worker ant bites you.
* * * LOW HITPOINT WARNING * * *
You are more poisoned.
The worker ant poisons you!
You feel better.
You hear a distant slurping noise.
The worker ant completely misses you. Duvessa hits you with a +0 rapier!
You die...

.#. .. ####.# .....# #
#...)#.# +...<..#
##########....######## #
.....hehB{..# #.....# #
###########.####.....###
...........'.....'.'
#######.####.....### #.#
####### # #.# # #.# #
#.# ###### #.. #.....


You could see Duvessa, a worker ant and a jackal.

Vanquished Creatures
  Grinder (D:5)
  Edmund (D:5)
  An ice beast (D:6)
  A centaur (D:5)
  4 wights (D:6)
  A howler monkey (D:4)
  2 hounds (D:4)
  A bullfrog skeleton (D:5)
  4 orc priests
  3 orc wizards
  An iguana (D:5)
  5 worker ants
  Robin (D:3)
  2 worker ant zombies
  3 gnolls (D:3)
  11 adders
  2 shadow imps
  2 white imps (D:5)
  An ufetubus (D:5)
  An adder skeleton (D:3)
  4 dart slugs
  5 leopard geckos
  25 orcs
  5 giant cockroaches
  13 goblins
  7 hobgoblins
  6 jackals
  12 kobolds
  A quokka (D:4)
  A ball python (D:1)
  A ball python zombie (D:5)
  11 bats
  7 frilled lizards
  A jackal skeleton (D:4)
  6 rats
153 creatures vanquished.

Notes
Turn   | Place    | Note
-------+----------+-------------------------------------------
     0 | D:1      | dtburroughs the Minotaur Berserker began the quest for the
                  | Orb.
     0 | D:1      | Reached XP level 1. HP: 19/19 MP: 0/0
   261 | D:1      | Reached XP level 2. HP: 27/27 MP: 1/1
   940 | D:2      | Reached XP level 3. HP: 32/33 MP: 2/2
   990 | D:2      | Reached ** piety under Trog
  1042 | D:2      | Found a faded altar of an unknown god.
  1042 | D:2      | Found a sacrificial altar of Ru.
  1050 | D:2      | Found a hazy altar of Hepliaklqana.
  1052 | D:2      | Found a blossoming altar of Fedhas.
  1054 | D:2      | Found a shimmering altar of Xom.
  1206 | D:2      | Reached XP level 4. HP: 39/41 MP: 3/3
  1617 | D:3      | Noticed Robin
  1627 | D:3      | Killed Robin
  1763 | D:3      | Reached XP level 5. HP: 47/47 MP: 4/4
  1785 | D:3      | Found a runed translucent gate.
  1786 | D:3      | Found a runed translucent gate.
  1786 | D:3      | Found a runed translucent gate.
  1869 | D:3      | Reached skill level 5 in Fighting
  2013 | D:3      | Reached skill level 5 in Axes
  2030 | D:3      | Reached XP level 6. HP: 41/56 MP: 5/5
  2186 | D:3      | Reached *** piety under Trog
  2498 | D:3      | Noticed Zeld's ghost (amateur OpBr)
  2830 | D:4      | Found Ricyaf's Book Shoppe.
  2992 | D:4      | Reached skill level 5 in Armour
  2992 | D:4      | Reached XP level 7. HP: 62/62 MP: 6/6
  3097 | D:4      | Found a radiant altar of Vehumet.
  3233 | D:5      | Entered Level 5 of the Dungeon
  3406 | D:5      | Reached **** piety under Trog
  3598 | D:5      | Noticed Edmund
  3639 | D:5      | Killed Edmund
  3640 | D:5      | Reached skill level 5 in Dodging
  3788 | D:5      | Noticed Grinder
  3802 | D:5      | Killed Grinder
  3803 | D:5      | Reached XP level 8. HP: 69/71 MP: 7/7
  3807 | D:5      | Found a staircase to the Ecumenical Temple.
  4721 | D:6      | Noticed Dowan
  4722 | D:6      | Noticed Duvessa
  4745 | D:6      | Slain by Duvessa

Illustrated notes

Levels and vault maps discovered:
D:1:      ebering_hopf_link, layout_basic
D:2:      layout_rooms, chequers_temple_overflow_minitemple
D:3:      minmay_recursive_quarters, layout_loops_ring, tso_altar,
          ebering_ghost_rock_garden, uniq_robin
D:4:      layout_basic, vehumet_crystals, serial_shops, shop
D:5:      layout_layer_cave, temple_fountains, uniq_grinder, uniq_edmund
D:6:      layout_basic, kennysheep_generic_room_9, uniq_maggie, uniq_duvessa,
          uniq_eustachio

Skill      XL: |  1  2  3  4  5  6  7  8 |
---------------+-------------------------+-----
Fighting       | 4 5 6 7 |  7.3
Axes           | 4 5 6 7 |  7.3
Armour         | 3 4 5 6 |  6.7
Dodging        | 3 4 5 6 |  6.1

Action                   |  1- 3 |  4- 6 |  7- 9 || total
-------------------------+-------+-------+-------++-------
Melee: Hand axe          |    83 |    18 |       ||   101
       Headbutt          |     5 |    20 |    19 ||    44
       War axe           |       |   142 |   110 ||   252
       Unarmed           |       |       |    16 ||    16
Invok: Trog's Hand       |       |     1 |     3 ||     4
  Use: Scroll            |       |       |     4 ||     4
       Potion            |       |       |     1 ||     1
Armor: Chain mail        |    66 |   113 |    48 ||   227
       Animal skin       |     2 |       |       ||     2
Dodge: Dodged            |    63 |    98 |    63 ||   224
